 Dungeon Crawl Stone Soup version 0.17.0-15-g6d90897 (webtiles) character file.

32 JudasIscariot the Skirmisher (level 3, -1/34 HPs)
             Began as a Naga Berserker on Nov 10, 2015.
             Was a Follower of Trog.
             Slain by Terence
             ... wielding a +0 falchion of distortion
              (10 damage)
             ... on level 2 of the Dungeon.
             The game lasted 00:03:38 (1160 turns).

JudasIscariot the Skirmisher (Naga Berserker)       Turns: 1160, Time: 00:03:38

Health: -1/34      AC:  4    Str: 19    XL:     3   Next: 25%
Magic:  12/12      EV:  9    Int:  7    God:    Trog [*.....]
Gold:   66         SH:  0    Dex: 11    Spells: 0 memorised, 2 levels left

rFire  . . .     SeeInvis +     a - +0 short sword
rCold  . . .     Clarity  .     k - +1 ring mail {MR+}
rNeg   . . .     SustAt   .     (no shield)
rPois  +         Gourm    .     (no helmet)
rElec  .         Spirit   .     (no cloak)
rCorr  .         Warding  .     (no gloves)
rMut   .         Stasis   .     (no barding)
MR     +....                    (no amulet)
Stlth  +.........               (no ring)
                                g - ring of magical power

@: about to teleport, very slow, somewhat resistant to hostile enchantments,
very unstealthy
A: see invisible, deformed body, poison resistance, slowness 2, slow metabolism
1, spit poison 2, AC +1
a: Spit Poison, Berserk, Burn Spellbooks, Renounce Religion


You were on level 2 of the Dungeon.
You worshipped Trog.
Trog was aware of your devotion.
You were not hungry.

You visited 1 branch of the dungeon, and saw 2 of its levels.

You collected 66 gold pieces.

Inventory:

Hand Weapons
 a - a +0 short sword (weapon)
Missiles
 j - 4 tomahawks (quivered)
Armour
 b - a +0 animal skin
 k - a +1 ring mail of magic resistance (worn)
Jewellery
 g - a ring of magical power (left hand)
Scrolls
 f - a scroll of fog {unknown}
 l - a scroll of random uselessness {unknown}
 m - a scroll of enchant weapon {unknown}
Potions
 e - 2 potions of lignification {unknown}
 h - 2 potions of brilliance {unknown}
 i - a potion of heal wounds {unknown}
 n - a potion of curing {unknown}
Comestibles
 c - a bread ration
 d - a chunk of flesh


   Skills:
 * Level 3.2 Fighting
 * Level 3.2 Short Blades
 * Level 1.7 Armour
 + Level 2.1 Dodging
 * Level 1.6 Stealth


You had 2 spell levels left.
You didn't know any spells.

Dungeon Overview and Level Annotations

Branches:
Dungeon (2/15)

Altars:

Annotations:
D:2 Terence


Innate Abilities, Weirdness & Mutations

You cannot wear boots.
Your serpentine skin is tough (AC +1).
You have supernaturally acute eyesight.
Armour fits poorly on your strangely shaped body.
Your system is resistant to poisons.
You cover ground very slowly.
You have a slow metabolism.
You can spit poison.


Message History

You closely miss the giant gecko. The giant gecko closely misses you.
You hit the giant gecko.
You kill the giant gecko!
Trog accepts your kill.
A bat comes into view.
You closely miss Terence.
Terence hits you with a falchion of distortion!
Space bends around you.
You hit Terence but do no damage. Terence barely misses you.
You hit Terence but do no damage.
Your ring mail prevents you from hitting Terence.
Terence barely misses you.
You barely miss Terence.
Terence hits you with a falchion of distortion.
You feel strangely unstable.
You closely miss Terence.
Terence hits you with a falchion of distortion.
* * * LOW HITPOINT WARNING * * *
Space warps horribly around you!
You die...

# .# ... .# #..# #.#
#..# ##..# #. #..#
##$.# #[# #..###.@.#
#.# #..#..#@# # #.#
#...##b# # #.# #..##
.# # #.# #.## .# ##
##.######.####.#
.###.....(..........
..##..#########.####
..##..# #


You could see Terence and a bat.

Vanquished Creatures
  An adder (D:2)
  3 giant geckos
  A giant cockroach (D:1)
  4 hobgoblins (D:1)
  2 jackals (D:1)
  A bat (D:1)
  3 giant newts (D:1)
  2 goblins
  2 kobolds
  4 rats (D:1)
23 creatures vanquished.

Notes
Turn   | Place    | Note
--------------------------------------------------------------
     0 | D:1      | JudasIscariot the Naga Berserker began the quest for the Orb.
     0 | D:1      | Reached XP level 1. HP: 21/21 MP: 1/1
   429 | D:1      | Reached XP level 2. HP: 28/28 MP: 2/2
   588 | D:1      | Reached skill level 1 in Stealth
  1122 | D:2      | Reached XP level 3. HP: 31/34 MP: 3/3
  1152 | D:2      | Noticed Terence
  1160 | D:2      | Slain by Terence

Action                   || total
-------------------------++-------
Melee: Short sword       ||    94
 Stab: Sleeping          ||     2
